 Dungeon Crawl Stone Soup version 0.28-b1-70-g80dc712255 (webtiles) character file.

Game seed: 5323629607124082220

347 Kranky the Quickloader (level 6, -4/44 HPs)
             Began as a Gnoll Wanderer on Feb 4, 2022.
             Was an Initiate of Okawaru.
             Succumbed to a water moccasin's poison
             ... on level 5 of the Dungeon.
             The game lasted 00:08:09 (3513 turns).

Kranky the Quickloader (Gnoll Wanderer)             Turns: 3513, Time: 00:08:09

Health: -4/44      AC:  7    Str: 15    XL:     6   Next: 59%
Magic:  9/9        EV: 10    Int:  8    God:    Okawaru [......]
Gold:   161        SH:  0    Dex: 13    Spells: 9/9 levels left

rFire   . . .      SeeInvis .   m - +0 lajatang
rCold   . . .      Faith    .   (shield currently unavailable)
rNeg    . . .      Spirit   .   d - +0 scale mail
rPois   .          Reflect  .   (no helmet)
rElec   .          Harm     .   (no cloak)
rCorr   .          Rampage  .   (no gloves)
Will    .....                   (no boots)
Stlth   +.........              (no amulet)
HPRegen 0.14/turn               (no ring)
MPRegen 0.11/turn               (no ring)

@: lethally poisoned (-4 -> -33)
A: fangs 1, strong nose, distributed training
a: Renounce Religion


You were on level 5 of the Dungeon.
You worshipped Okawaru.
Okawaru was noncommittal.
You visited 2 branches of the dungeon, and saw 6 of its levels.

You collected 161 gold pieces.

Inventory:

Hand Weapons
 a - a +2 hand crossbow
 c - a +0 short sword
 m - a +0 lajatang (weapon)
 n - a +0 spear
 p - a +0 eveningstar
Missiles
 b - 6 bolts
Armour
 d - a +0 scale mail (worn)
 o - a +0 helmet
Scrolls
 e - a scroll of teleportation {unknown}
 f - 4 scrolls of identify {unknown}
 h - a scroll of summoning {unknown}
 i - 2 scrolls of noise {unknown}
 j - a scroll of amnesia {unknown}
 k - 2 scrolls of fear {unknown}
 q - a scroll of holy word {unknown}
Potions
 g - 2 potions of attraction {unknown}
 l - a potion of heal wounds {unknown}
 r - a potion of flight {unknown}
 s - a potion of mutation {unknown}
 t - a potion of resistance {unknown}


   Skills:
 + Level 2.0 Fighting
 + Level 5.0 Short Blades
 + Level 2.0 Long Blades
 + Level 2.0 Axes
 + Level 2.0 Maces & Flails
 + Level 2.0 Polearms
 + Level 2.0 Staves
 + Level 2.0 Slings
 + Level 2.0 Bows
 + Level 8.8 Crossbows
 + Level 2.0 Throwing
 + Level 5.0 Armour
 + Level 3.3 Dodging
 + Level 3.1 Stealth
 + Level 2.0 Shields
 + Level 2.0 Unarmed Combat
 + Level 2.0 Spellcasting
 + Level 1.6 Conjurations
 + Level 1.6 Hexes
 + Level 1.6 Summonings
 + Level 1.6 Necromancy
 + Level 1.6 Translocations
 + Level 1.6 Transmutations
 + Level 1.6 Fire Magic
 + Level 1.6 Ice Magic
 + Level 1.6 Air Magic
 + Level 1.6 Earth Magic
 + Level 1.6 Poison Magic
 + Level 2.2 Invocations
 + Level 2.0 Evocations


You had 9 spell levels left.
You didn't know any spells.
Your spell library contained the following spells:

 Spells                   Type           Power      Damage    Failure   Level
 Foxfire                  Conj/Fire      12%        2x1d4     54%         1
 Conjure Flame            Conj/Fire      3%         6-21      89%         3
 Gell's Gravitas          Tloc           3%         N/A       89%         3
 Inner Flame              Hex/Fire       3%         N/A       89%         3
 Lesser Beckoning         Tloc           3%         N/A       89%         3
 Teleport Other           Tloc           3%         N/A       89%         3
 Flame Wave               Conj/Fire      3%         2d4       100%        4


Dungeon Overview and Level Annotations

Branches:
Dungeon (5/15)             Temple (1/1) D:4

Altars:
Ashenzari
Cheibriados
Dithmenos
Hepliaklqana
Kikubaaqudgha
Makhleb
Nemelex Xobeh
Okawaru
Ru
Sif Muna
Trog
Vehumet
Xom
Yredelemnul
Zin
The Shining One


Innate Abilities, Weirdness & Mutations

You have very sharp teeth.
Your uncanny sense of smell can sniff out nearby items.
Your experience applies equally to all skills.


Message History

The hound skeleton bites you.
You slash the hound skeleton!
You destroy the hound skeleton!
Okawaru accepts your kill.
No target in view!
No target in view!
HP restored.
You see here a +0 club.
You open the door.
A water moccasin comes into view.
The water moccasin hisses angrily.
A quokka comes into view.
There is an open door here.
You slice the water moccasin!!
The water moccasin is severely wounded.
The water moccasin bites you.
You are poisoned.
The water moccasin poisons you! The water moccasin bites you.
You are more poisoned.
The water moccasin poisons you!
You closely miss the water moccasin.
The water moccasin is severely wounded.
You feel extremely sick. The water moccasin bites you. x2
You are lethally poisoned!
The water moccasin poisons you!
You miss the water moccasin.
The water moccasin is severely wounded.
You feel extremely sick. The water moccasin bites you.
* * * LOW HITPOINT WARNING * * *
You are more poisoned.
The water moccasin poisons you!
The water moccasin bites you but does no damage.
You are too injured to fight recklessly!
* * * LOW HITPOINT WARNING * * *
You feel extremely sick.
You hit the water moccasin but do no damage.
The water moccasin is severely wounded.
You die...

... #.# #.# #####
#.# .....# #.# ∆
......####.# # .
...........##.#....
∆
.........@S.r.....
#..[....##......
#.......####..#.
#..#)......# .#
###....#####.#
#......# # #
#......#####
##.####.......#
#...<.........# ∆


You could see a water moccasin and a quokka.

Vanquished Creatures
  A water moccasin skeleton (D:4)
  A bullfrog zombie (D:3)
  A hound (D:4)
  A jelly (D:4)
  Natasha (thrice) (D:3)
  A hound skeleton (D:5)
  Robin (D:3)
  A gnoll (D:1)
  3 worms (D:3)
  5 dart slugs
  2 orcs
  3 endoplasms
  A giant cockroach (D:4)
  11 goblins
  9 hobgoblins
  2 jackals (D:3)
  2 kobolds
  7 quokkas
  8 ball pythons
  6 bats
  3 frilled lizards
  8 rats
80 creatures vanquished.

Notes
Turn   | Place    | Note
-------+----------+-------------------------------------------
     0 | D:1      | Kranky the Gnoll Wanderer began the quest for the Orb.
     0 | D:1      | Kranky set off with the following items: a +2 hand
                  | crossbow, 27 bolts, a +0 short sword, a +0 scale mail
     0 | D:1      | Reached XP level 1. HP: 13/13 MP: 1/1
    35 | D:1      | Reached XP level 2. HP: 19/19 MP: 2/2
    51 | D:1      | Found a faded altar of an unknown god.
    57 | D:1      | Noticed a great orb of eyes
    65 | D:1      | Noticed a golden eye
    65 | D:1      | Noticed a floating eye
    65 | D:1      | Noticed a shining eye
   272 | D:1      | Reached XP level 3. HP: 25/25 MP: 3/3
   618 | D:1      | Reached skill level 1 in Invocations
  1091 | D:2      | Reached skill level 1 in Fighting
  1091 | D:2      | Reached skill level 1 in Long Blades
  1091 | D:2      | Reached skill level 1 in Axes
  1091 | D:2      | Reached skill level 1 in Maces & Flails
  1091 | D:2      | Reached skill level 1 in Polearms
  1091 | D:2      | Reached skill level 1 in Staves
  1091 | D:2      | Reached skill level 1 in Slings
  1091 | D:2      | Reached skill level 1 in Bows
  1091 | D:2      | Reached skill level 1 in Throwing
  1091 | D:2      | Reached skill level 1 in Shields
  1091 | D:2      | Reached skill level 1 in Unarmed Combat
  1091 | D:2      | Reached skill level 1 in Spellcasting
  1091 | D:2      | Reached skill level 1 in Evocations
  1409 | D:2      | Reached XP level 4. HP: 32/32 MP: 5/5
  1457 | D:3      | Noticed Natasha
  1462 | D:3      | Killed Natasha
  1528 | D:3      | Reached skill level 1 in Conjurations
  1528 | D:3      | Reached skill level 1 in Hexes
  1528 | D:3      | Reached skill level 1 in Summonings
  1528 | D:3      | Reached skill level 1 in Necromancy
  1528 | D:3      | Reached skill level 1 in Translocations
  1528 | D:3      | Reached skill level 1 in Transmutations
  1528 | D:3      | Reached skill level 1 in Fire Magic
  1528 | D:3      | Reached skill level 1 in Ice Magic
  1528 | D:3      | Reached skill level 1 in Air Magic
  1528 | D:3      | Reached skill level 1 in Earth Magic
  1528 | D:3      | Reached skill level 1 in Poison Magic
  1592 | D:3      | Noticed Natasha
  1601 | D:3      | Killed Natasha
  1602 | D:3      | Reached XP level 5. HP: 35/37 MP: 6/6
  1702 | D:3      | Noticed Natasha
  1708 | D:3      | Killed Natasha
  1769 | D:3      | Noticed a moth of wrath
  1779 | D:3      | Found a bloodstained altar of Trog.
  2013 | D:3      | Noticed Robin
  2261 | D:3      | Killed Robin
  2554 | D:4      | Reached XP level 6. HP: 24/44 MP: 8/8
  2699 | D:4      | Found a staircase to the Ecumenical Temple.
  2714 | Temple   | Entered the Ecumenical Temple
  2779 | Temple   | Became a worshipper of Warmaster Okawaru
  2952 | D:4      | Reached skill level 5 in Short Blades
  2952 | D:4      | Reached skill level 5 in Armour
  3065 | D:4      | Found an ancient bone altar of Kikubaaqudgha.
  3088 | D:4      | Found a shimmering altar of Xom.
  3484 | D:5      | Entered Level 5 of the Dungeon
  3507 | D:5      | Noticed a water moccasin
  3513 | D:5      | Succumbed to a water moccasin's poison

Illustrated notes

Levels and vault maps discovered:
D:1:      kennysheep_arrival_forest, layout_loops_ring,
          hellmonk_ecumenical_altar_watching_god
D:2:      layout_loops_ring, kennysheep_small_spiral, minmay_tromino_v2
D:3:      layout_rooms, tgw_trog, uniq_robin, uniq_natasha
D:4:      layout_basic, general_overflow_altar, mainiacjoe_overflow_alcove_4,
          minmay_temple_entry_crystal_x, minmay_misc_feat_room
D:5:      cheibrodos_barr_body, layout_basic, overflow_temple_1_default,
          gammafunk_ghost_stat_death
Temple:   cyrus_circular_temple

Skill      XL: |  1  2  3  4  5  6 |
---------------+-------------------+-----
Invocations    | 1 2 |  2.2
Fighting       | 1 2 |  2.0
Long Blades    | 1 2 |  2.0
Axes           | 1 2 |  2.0
Maces & Flails | 1 2 |  2.0
Polearms       | 1 2 |  2.0
Staves         | 1 2 |  2.0
Slings         | 1 2 |  2.0
Bows           | 1 2 |  2.0
Throwing       | 1 2 |  2.0
Shields        | 1 2 |  2.0
Unarmed Combat | 1 2 |  2.0
Spellcasting   | 1 2 |  2.0
Evocations     | 1 2 |  2.0
Conjurations   | 1 |  1.6
Hexes          | 1 |  1.6
Summonings     | 1 |  1.6
Necromancy     | 1 |  1.6
Translocations | 1 |  1.6
Transmutations | 1 |  1.6
Fire Magic     | 1 |  1.6
Ice Magic      | 1 |  1.6
Air Magic      | 1 |  1.6
Earth Magic    | 1 |  1.6
Poison Magic   | 1 |  1.6
Dodging        | 3 |  3.3
Stealth        | 3 |  3.1
Short Blades   | 5 |  5.0
Armour         | 5 |  5.0
Crossbows      | |  8.8

Action                   |  1- 3 |  4- 6 || total
-------------------------+-------+-------++-------
Melee: Lajatang          |       |    80 ||    80
       Bite              |       |     7 ||     7
 Fire: Hand crossbow     |    87 |    41 ||   128
Armor: Scale mail        |    13 |    46 ||    59
Dodge: Dodged            |    10 |    59 ||    69
